 Dungeon Crawl Stone Soup version 0.31.0-9-g3a7656b989 (webtiles) character file.

Game seed: 7936638629653555911

9222 Gartch the Cleaver (level 11, -2/89 (99) HPs)
             Began as a Hill Orc Monk on Jan 23, 2024.
             Was an Elder of Beogh.
             Shot with an arrow by a centaur warrior (14 damage)
             ... on level 12 of the Dungeon on Jan 24, 2024.
             The game lasted 01:37:40 (13735 turns).

Gartch the Cleaver (Hill Orc Monk)                 Turns: 13735, Time: 01:37:45

HP:   -2/89 (99)    AC: 13    Str: 19    XL:     11   Next: 43%
MP:   15/15         EV: 14    Int: 12    God:    Beogh [****..]
Gold: 476           SH:  6    Dex: 22    Spells: 10/10 levels left

rFire   . . .        a - +0 broad axe
rCold   . . .        D - +0 buckler "Aronnun" {Will+}
rNeg    . . .        F - +0 scale mail "Hurudakeor" {Int+2 Dex+3 SInv}
rPois   +            x - +0 helmet
rElec   .            z - +1 cloak
rCorr   .            u - +0 pair of gloves
SInv    +            (no boots)
Will    +....        T - amulet of regeneration Stlth
                     h - +6 ring of dexterity
HPRegen 1.14/turn    y - ring of poison resistance
MPRegen 0.14/turn

%: no passive effects
@: heavily drained
A: no striking features
a: Renounce Religion, Smiting, Recall Orcish Followers


You were on level 12 of the Dungeon.
You worshipped Beogh.
Beogh was greatly pleased with you.
You visited 2 branches of the dungeon, and saw 14 of its levels.

You collected 683 gold pieces.
You spent 207 gold pieces at shops.

Inventory:

Hand Weapons
 a - a +0 broad axe (weapon)
 b - a +0 sling
 I - the +9 dagger "Zuca" {freeze, ^Fragile Str+3 Dex+3}
   (You found it on level 5 of the Dungeon)

   Str+3:     It affects your strength (+3).
   Dex+3:     It affects your dexterity (+3).
   ^Fragile:  It will be destroyed if unequipped.
 R - a +0 hand axe
Missiles
 g - 85 stones
 S - a silver javelin (quivered)
Armour
 d - an orb of light
 i - +0 acid dragon scales
 u - a +0 pair of gloves (worn)
 x - a +0 helmet (worn)
 z - a +1 cloak (worn)
 D - the +0 buckler "Aronnun" (worn) {Will+}
   (You found it on level 5 of the Dungeon)

   Will+:     It increases your willpower.
 F - the +0 scale mail "Hurudakeor" (worn) {Int+2 Dex+3 SInv}
   (You bought it in a shop on level 3 of the Dungeon)

   Int+2:     It affects your intelligence (+2).
   Dex+3:     It affects your dexterity (+3).
   SInv:      It lets you see invisible.
Jewellery
 h - a +6 ring of dexterity (left hand)
 y - a ring of poison resistance (right hand)
 B - a ring of flight
 L - a ring of protection from cold
 P - a ring of fire
 T - an amulet of regeneration (around neck)
Wands
 J - a wand of flame (23)
 N - a wand of polymorph (18)
 O - a wand of iceblast (19)
 Q - a wand of quicksilver (7)
Scrolls
 e - a scroll of fog {unknown}
 f - 2 scrolls of acquirement {unknown}
 k - 2 scrolls of teleportation
 m - a scroll of torment {unknown}
 o - a scroll of enchant armour {unknown}
 q - 2 scrolls of immolation {unknown}
 s - 2 scrolls of blinking {unknown}
 t - 2 scrolls of enchant weapon {unknown}
 v - 2 scrolls of silence {unknown}
 w - 2 scrolls of butterflies {unknown}
 A - 2 scrolls of amnesia {unknown}
 E - 2 scrolls of fear
 H - a scroll of brand weapon {unknown}
Potions
 c - 3 potions of ambrosia
 j - 2 potions of haste
 l - 2 potions of attraction
 n - 2 potions of might
 p - 3 potions of curing
 r - a potion of berserk rage
 C - 2 potions of magic
 G - 2 potions of brilliance
 M - a potion of heal wounds {unknown}


   Skills:
 + Level 10.0 Fighting
 + Level 13.3 Axes
 + Level 7.9 Armour
 + Level 6.9 Dodging
 + Level 4.8 Shields
 + Level 5.4 Invocations


You had 10 spell levels left.
You didn't know any spells.
Your spell library contained the following spells:

 Spells                   Type           Power      Damage    Failure   Level
 Apportation              Tloc           0%         N/A       71%         1
 Foxfire                  Conj/Fire      0%         2x1d4     71%         1
 Necrotise                Necr           0%         1d4       71%         1
 Slow                     Hex            0%         N/A       71%         1
 Sting                    Conj/Alch      0%         1d3       71%         1
 Summon Small Mammal      Summ           0%         N/A       71%         1
 Jinxbite                 Hex            0%         N/A       85%         2
 Lesser Beckoning         Tloc           0%         N/A       85%         2
 Sublimation of Blood     Necr           0%         N/A       85%         2
 Confusing Touch          Hex            0%         N/A       97%         3
 Gell's Gravitas          Tloc           0%         N/A       97%         3
 Sigil of Binding         Hex            0%         N/A       97%         3
 Teleport Other           Tloc           0%         N/A       97%         3
 Vampiric Draining        Necr           0%         2d6       97%         3
 Petrify                  Alch/Erth      0%         N/A       100%        4
 Vhi's Electric Charge    Tloc/Air       0%         N/A       100%        4
 Alistair's Intoxication  Alch           0%         N/A       100%        5
 Arcjolt                  Conj/Air       0%         1d10      100%        5
 Irradiate                Conj/Alch      0%         3d11      100%        5
 Plasma Beam              Fire/Air       0%         2x1d10    100%        6
 Starburst                Conj/Fire      0%         6d3       100%        6
 Malign Gateway           Summ/Tloc      0%         N/A       100%        7
 Maxwell's Capacitive Co  Air            0%         ∞         100%        8
 Summon Horrible Things   Summ           0%         N/A       100%        8


Dungeon Overview and Level Annotations

Branches:
Dungeon (13/15)            Temple (1/1) D:4
   Lair: D:8-11         Orc: D:9-12      Vaults: D:13-14

Altars:
Ashenzari
Cheibriados
Dithmenos
Elyvilon
Fedhas
Gozag
Hepliaklqana
Kikubaaqudgha
Makhleb
Nemelex Xobeh
Okawaru
Qazlal
Ru
Sif Muna
Trog
Uskayaw
Vehumet
Wu Jian
Xom
Yredelemnul
Zin
The Shining One

Shops:
D:3 [   D:6 (   D:8 :   D:11 :   D:13 =

Annotations:
D:6 2 transporters, Daviar's ghost, novice DjMo
D:9 1 runed translucent door, NimIero's ghost, novice AtCj


Message History

The cyclops throws a large rock.
The large rock hits you!!
A boulder beetle comes into view.
The white ugly thing attacks as it pursues you!
The white ugly thing claws you. The white ugly thing freezes you!
The boulder beetle curls into a ball and begins rolling!
The laughing skull closely misses you.
There is a stone staircase leading up here.
Okay, then.
The white ugly thing completely misses you.
The laughing skull lets out a vicious peal of laugher.
The bolt of negative energy hits you!!
You feel drained.
* * * LOW HITPOINT WARNING * * *
You block the laughing skull's attack.
You climb upwards.
The howler monkey howls!
Found a trident.
There is a stone staircase leading down here.
As you read the scroll of fear, it crumbles to dust.
You assume a fearsome visage.
The howler monkey looks frightened!
The laughing skull is unaffected. x2; The white ugly thing looks frightened!
You block the laughing skull's attack.
The laughing skull headbutts you but does no damage.
The laughing skull headbutts you!
* * * LOW HITPOINT WARNING * * *
The laughing skull misses you.
Okay, then.
As you read the scroll of teleportation, it crumbles to dust.
You feel strangely unstable.
The laughing skull lets out a vicious peal of laugher.
The bolt of negative energy misses you. You block the laughing skull's attack.
The laughing skull completely misses you.
The laughing skull headbutts you but does no damage.
The laughing skull headbutts you!
* * * LOW HITPOINT WARNING * * *
Your surroundings suddenly seem different.
A centaur warrior and a komodo dragon come into view.
The centaur warrior shouts!
The komodo dragon hisses angrily.
You hear a shout! x2
The centaur warrior wields a +0 orcbow.
The centaur warrior shoots an arrow.
The arrow hits you!
You die...

######
#....#
#.c.#
#..#
#@#
##.#
#.#
#..
#.l
#..#
#.# #.


You could see a centaur warrior and a komodo dragon.

Vanquished Creatures
  Fannar (D:9)
  A centaur warrior (D:9)
  2 two-headed ogres
  A boulder beetle (D:13)
  Jeremiah (D:6)
  A hornet (D:10)
  A wyvern (D:6)
  A wraith (D:8)
  A yak (D:9)
  Grum (D:8)
  A basilisk (D:13)
  An acid dragon (D:9)
  A water moccasin (D:8)
  An ice beast (D:7)
  2 orc warriors
  3 sky beasts
  2 centaurs
  3 wolves (D:8)
  2 lemures
  2 kobold brigands
  6 bullfrogs
  3 scorpions
  17 killer bees
  A hound (D:5)
  2 jellies
  A bombardier beetle (D:3)
  An iguana (D:4)
  An orc wizard (D:5)
  Robin (D:3)
  3 gnolls (D:3)
  6 adders
  2 white imps (D:7)
  2 ufetubi (D:6)
  2 dart slugs
  3 ribbon worms
  11 orcs
  8 ball pythons
  4 bats
  14 endoplasms
  3 giant cockroaches (D:4)
  18 goblins
  9 hobgoblins
  14 jackals
  4 quokkas
  3 frilled lizards
  22 kobolds
  7 rats
197 creatures vanquished.

Vanquished Creatures (collateral kills)
  A two-headed ogre (D:10)
  A boulder beetle (D:13)
  An arcanist (D:10)
  Pikel (D:8)
  A troll (D:10)
  5 yaks (D:9)
  2 orc warriors (D:9)
  A laughing skull (D:13)
  2 lemures
  A bullfrog (D:8)
  5 killer bees
  A crimson imp (D:10)
  A jelly (D:8)
  3 orc priests
  2 orc wizards (D:9)
  2 shadow imps (D:8)
  4 orcs
  A goblin (D:8)
35 creatures vanquished.

Vanquished Creatures (others)
  An orc warrior (D:8)
  2 orc priests
  25 orcs
28 creatures vanquished.

Grand Total: 260 creatures vanquished

Notes
Turn   | Place    | Note
-------+----------+-------------------------------------------
     0 | D:1      | Gartch the Hill Orc Monk began the quest for the Orb.
     0 | D:1      | Reached XP level 1. HP: 19/19 MP: 1/1
    84 | D:1      | Reached XP level 2. HP: 17/27 MP: 2/2
   336 | D:1      | Reached XP level 3. HP: 31/33 MP: 3/3
   646 | D:1      | Reached skill level 5 in Axes
  1622 | D:2      | Reached XP level 4. HP: 40/40 MP: 4/4
  2835 | D:3      | Found Saunei's Antique Armour Emporium.
  3077 | D:3      | Reached XP level 5. HP: 35/47 MP: 5/5
  3384 | D:3      | Reached skill level 6 in Axes
  3471 | D:3      | Reached skill level 1 in Armour
  4171 | D:3      | Noticed Robin
  4232 | D:3      | Killed Robin
  4491 | D:4      | Found a staircase to the Ecumenical Temple.
  4505 | Temple   | Entered the Ecumenical Temple
  4643 | D:4      | Reached XP level 6. HP: 44/55 MP: 6/6
  4781 | D:4      | Became a worshipper of Beogh the Brigand
  4781 | D:4      | Reached * piety under Beogh
  4781 | D:4      | Reached ** piety under Beogh
  5070 | D:4      | Reached skill level 5 in Fighting
  5127 | D:4      | Found a sparkling altar of Nemelex Xobeh.
  5429 | D:5      | Entered Level 5 of the Dungeon
  5441 | D:5      | Identified the +0 buckler "Aronnun" {Will+}
  5457 | D:5      | Reached skill level 7 in Axes
  5554 | D:3      | Bought a bloodstained scale mail for 207 gold pieces
  5554 | D:3      | Identified the +0 scale mail "Hurudakeor" {Int+2 Dex+3
                  | SInv} (You bought it in a shop on level 3 of the Dungeon)
  5628 | D:5      | Found a shimmering blue altar of Sif Muna.
  5789 | D:5      | Reached XP level 7. HP: 61/61 MP: 7/7
  5798 | D:5      | Identified the +9 dagger "Zuca" {freeze, ^Fragile Str+3
                  | Dex+3}
  6305 | D:6      | Found a transporter.
  6306 | D:6      | Noticed a wyvern
  6325 | D:6      | Killed a wyvern
  6326 | D:6      | Reached skill level 8 in Axes
  6428 | D:6      | Noticed Daviar's ghost (novice DjMo)
  6503 | D:6      | Reached XP level 8. HP: 67/70 MP: 8/8
  6538 | D:6      | Found Lipaos's Antique Weapon Shoppe.
  6584 | D:6      | Found a transporter.
  6970 | D:6      | Noticed Jeremiah
  6992 | D:6      | Killed Jeremiah
  6993 | D:6      | Reached skill level 9 in Axes
  7372 | D:7      | Reached skill level 10 in Axes
  7537 | D:7      | Reached XP level 9. HP: 60/79 MP: 9/9
  7923 | D:7      | Reached skill level 5 in Dodging
  7930 | D:7      | Reached skill level 5 in Armour
  8044 | D:7      | Reached *** piety under Beogh
  8839 | D:8      | Reached skill level 11 in Axes
  8907 | D:8      | Noticed Grum
  8925 | D:8      | Killed Grum
  9279 | D:8      | Found Xanoqutz's Book Shoppe.
  9536 | D:8      | Found a radiant altar of Vehumet.
  9582 | D:8      | Noticed Pikel
  9768 | D:8      | Killed Pikel
  9769 | D:8      | Reached skill level 12 in Axes
  9769 | D:8      | Reached skill level 1 in Shields
  9769 | D:8      | Reached XP level 10. HP: 51/90 MP: 10/10
  9879 | D:8      | Upgraded the game from 0.31.0-7-gf635a9b802 to
                  | 0.31.0-9-g3a7656b989
 10252 | D:9      | Found an ancient bone altar of Kikubaaqudgha.
 10352 | D:9      | Noticed a centaur warrior
 10398 | D:9      | Killed a centaur warrior
 10399 | D:9      | Reached skill level 1 in Invocations
 11321 | D:9      | Found a runed translucent door.
 11321 | D:9      | Noticed NimIero's ghost (novice AtCj)
 11361 | D:10     | Entered Level 10 of the Dungeon
 11411 | D:10     | Noticed Fannar
 11423 | D:9      | Killed Fannar
 11497 | D:10     | Noticed an arcanist
 11512 | D:10     | Killed an arcanist
 11617 | D:10     | Noticed a two-headed ogre
 11634 | D:10     | Killed a two-headed ogre
 12061 | D:9      | Reached XP level 11. HP: 94/97 MP: 14/14
 12085 | D:9      | Reached **** piety under Beogh
 12193 | D:10     | Noticed a two-headed ogre
 12215 | D:10     | Killed a two-headed ogre
 12216 | D:10     | Reached skill level 13 in Axes
 13245 | D:11     | Noticed a two-headed ogre
 13253 | D:11     | Killed a two-headed ogre
 13254 | D:11     | Reached skill level 5 in Invocations
 13417 | D:11     | Found Posellei's Book Shoppe.
 13436 | D:11     | Gained Olfik as an ally
 13476 | D:11     | You fall into a shaft and drop 2 floors!
 13510 | D:13     | Noticed a boulder beetle
 13522 | D:13     | Noticed a boulder beetle
 13530 | D:13     | Killed a boulder beetle
 13541 | D:13     | Killed a boulder beetle
 13542 | D:13     | Reached skill level 10 in Fighting
 13610 | D:13     | Found Xeckah's Jewellery Shoppe.
 13722 | D:13     | Noticed a vault guard
 13722 | D:13     | Noticed a vault guard
 13722 | D:13     | Noticed a vault guard
 13722 | D:13     | Noticed a vault guard
 13726 | D:13     | Noticed a vault guard
 13728 | D:13     | Noticed a white ugly thing
 13728 | D:13     | Noticed a cyclops
 13729 | D:13     | Noticed a boulder beetle
 13735 | D:12     | Noticed a centaur warrior
 13735 | D:12     | Shot with an arrow by a centaur warrior

Illustrated notes

Levels and vault maps discovered:
D:1:      spicycebolla_arrival_transporter_tutorial, layout_rooms,
          serial_forest, infiniplex_forest_clump_diagonal,
          infiniplex_forest_lined_room_3, infiniplex_forest_straight_3,
          infiniplex_forest_end_2, infiniplex_forest_lined_corner,
          infiniplex_forest_straight_4, infiniplex_forest_lined_room_3,
          st_stairs_13, minmay_tree_intersection
D:2:      layout_basic, minmay_hedge_maze, nicolae_underground_beach
D:3:      kennysheep_goblin_castle, layout_loops_corners, serial_shops,
          nicolae_shop_overgrown_old_shop, kennysheep_crisscross
D:4:      nicolae_cairo_tiling_very_big, layout_basic,
          nicolae_overflow_crystal_walls, temple_green, minmay_crystal_room,
          nicolae_titane
D:5:      layout_rooms, mainiacjoe_overflow_surrounded_room
D:6:      layout_loops_corners, serial_shops, nicolae_shop_rolling_square,
          gammafunk_ghost_arena, uniq_jeremiah
D:7:      layout_loops_ring
D:8:      layout_cave_pools, vehumet_altar_wand_db, serial_shops,
          kennysheep_mini, uniq_grum, uniq_pikel
D:9:      layout_roguey, overflow_temple_1_default, special_room
          [special_room_orc], gammafunk_ghost_grave
D:10:     layout_long_grid, mrwooster_statue_mirror, lightli_wizard_tower,
          uniq_fannar
D:11:     layout_roguey, david_lair_generic, hiddenorc1_lemuel, serial_shops,
          shop
D:12:     minmay_triangles_in_corner, layout_loops_ring
D:13:     layout_cave_pools, erik_vaults_2, serial_shops, shop,
          palyth_stone_intersect
Temple:   nicolae_temple_bog_church

Skill      XL: |  1  2  3  4  5  6  7  8  9 10 11 |
---------------+----------------------------------+-----
Fighting       | 4 5 6 7 8 9 10 | 10.0
Axes           | 5 6 7 8 10 12 13 | 13.3
Dodging        | 3 4 5 6 |  6.9
Armour         | 1 2 3 4 6 7 |  7.9
Shields        | 1 3 4 |  4.8
Invocations    | 4 5 |  5.4

Action                     |  1- 3 |  4- 6 |  7- 9 | 10-12 || total
---------------------------+-------+-------+-------+-------++-------
  Melee: Hand axe          |   117 |   230 |   455 |   206 ||  1008
         Broad axe         |       |       |       |    40 ||    40
   Fire: Sling             |       |    15 |    10 |    15 ||    40
  Throw: Stone             |    22 |     7 |       |       ||    29
         Javelin           |       |     9 |       |     6 ||    15
 Invoke: Convert to Beogh  |       |     1 |       |       ||     1
         Recall Orcish Fol |       |       |       |     1 ||     1
    Use: Scroll            |       |     7 |     3 |     5 ||    15
         Potion            |       |       |     5 |     2 ||     7
   Stab: Distracted        |       |       |     2 |     6 ||     8
 Armour: Robe              |    34 |    18 |       |       ||    52
         Scale mail        |       |    19 |   274 |   155 ||   448
         Plate armour      |       |    91 |       |       ||    91
         Skin              |       |       |       |    27 ||    27
  Dodge: Dodged            |    59 |    67 |   213 |   149 ||   488
  Block: Buckler           |       |     9 |    77 |    70 ||   156
